 Dungeon Crawl Stone Soup version 0.18.1-47-g9310371 (webtiles) character file.

102 sarahorange the Skirmisher (level 4, -1/37 HPs)
             Began as a Demonspawn Abyssal Knight on June 19, 2016.
             Was a Follower of Lugonu.
             Slain by Natasha (7 damage)
             ... on level 2 of the Dungeon.
             The game lasted 00:10:17 (2456 turns).

sarahorange the Skirmisher (DsAK)                   Turns: 2456, Time: 00:10:18

Health: -1/37      AC:  3    Str: 13    XL:     4   Next: 50%
Magic:  5/5        EV: 13    Int: 13    God:    Lugonu [*.....]
Gold:   75         SH:  0    Dex: 13    Spells: 0 memorised, 3 levels left

rFire  . . .     SeeInvis .     a - +1 falchion
rCold  + . .     Gourm    .     b - +0 leather armour
rNeg   . . .     Faith    .     (no shield)
rPois  .         Spirit   .     (no helmet)
rElec  .         Dismiss  .     (no cloak)
rCorr  .         Reflect  .     (no gloves)
SustAt .         Harm     .     (no boots)
MR     +....                    (no amulet)
Stlth  +.........               (no ring)
                                f - ring of protection from magic

@: somewhat resistant to hostile enchantments, very unstealthy
A: repulsion field 1, cold resistance 1
a: Depart the Abyss, Renounce Religion


You were on level 2 of the Dungeon.
You worshipped Lugonu.
Lugonu was aware of your devotion.
You were not hungry.

You visited 1 branch of the dungeon, and saw 2 of its levels.
You visited the Abyss 1 time.

You collected 75 gold pieces.

Inventory:

Hand Weapons
 a - a +1 falchion (weapon)
 m - a +1 vampiric dagger
Missiles
 e - 77 stones (quivered)
Armour
 b - a +0 leather armour (worn)
 d - a +0 ring mail
 i - a +0 ring mail
Jewellery
 f - a ring of protection from magic (left hand)
 k - an uncursed ring of wizardry {unknown}
Scrolls
 j - a scroll of enchant weapon {unknown}
 o - a scroll of recharging {unknown}
 p - a scroll of identify
Potions
 h - a potion of degeneration {unknown}
 l - a potion of haste
Comestibles
 c - 4 bread rations
 g - a royal jelly
 n - a chunk of flesh


   Skills:
 + Level 4.0 Fighting
 + Level 2.4 Long Blades
 + Level 0.8 Throwing
 + Level 2.2 Armour
 + Level 1.6 Dodging
 + Level 0.6 Stealth
 + Level 2.5 Invocations


You had 3 spell levels left.
You didn't know any spells.

Dungeon Overview and Level Annotations

Branches:
Dungeon (2/15)

Altars:

Annotations:
D:2 Natasha


Innate Abilities, Weirdness & Mutations

You are surrounded by a mild repulsion field (EV +2).
Your flesh is cold resistant.


Message History

You barely miss Natasha. Natasha barely misses you.
You hit Natasha.
Natasha is moderately wounded.
Natasha closely misses you. Natasha misses you.
You hit Natasha.
Natasha is severely wounded.
Natasha claws you. Natasha closely misses you.
You miss Natasha.
Natasha is severely wounded.
Natasha wildly gestures.
You feel troubled. Natasha claws you!
* * * LOW HITPOINT WARNING * * *
Natasha casts a spell at you. The magic dart hits you!
* * * LOW HITPOINT WARNING * * *
You barely miss Natasha.
Natasha is severely wounded.
Natasha claws you!
You die...

....
#....).....#
#........ (..
#....#.....#
#.####### ..
#((..#.....#
#..# #.. #
#..(.#...).#
##.# #..
#(.(.#.....#
#.## #..
##(.........#
#..# #..
..........###
##.# #..
......h...#
#.# #..
..#....@†.#
#.# #..
h##(....)†#
#.#####
#.......#
#..#
#....(..#
##.####
#.......#
#.....
#.......#
##....
#########
#.... ##.♣P
####≈≈.


You could see Natasha.

Vanquished Creatures
  2 gnolls (D:1)
  4 adders (D:2)
  2 oozes (D:1)
  A worm (D:2)
  A dart slug (D:1)
  A giant cockroach (D:2)
  2 goblins
  4 hobgoblins
  3 jackals (D:2)
  8 kobolds
  2 quokkas (D:2)
  A ball python (D:2)
  3 bats
  3 rats (D:1)
37 creatures vanquished.

Notes
Turn   | Place    | Note
--------------------------------------------------------------
     0 | Abyss:1  | sarahorange the Demonspawn Abyssal Knight began the quest for the Orb.
     0 | Abyss:1  | Reached XP level 1. HP: 18/18 MP: 2/2
     0 | D:1      | Escaped the Abyss
    30 | D:1      | Reached skill level 1 in Dodging
   148 | D:1      | Gained mutation: You are surrounded by a mild repulsion field (EV +2). [demonic ancestry]
   148 | D:1      | Reached XP level 2. HP: 22/24 MP: 3/3
   645 | D:1      | Gained mutation: Your flesh is cold resistant. [demonic ancestry]
   645 | D:1      | Reached XP level 3. HP: 9/29 MP: 4/4
  1346 | D:1      | Reached * piety under Lugonu
  2162 | D:2      | Reached XP level 4. HP: 26/37 MP: 5/5
  2191 | D:2      | Noticed Natasha
  2358 | D:2      | Reached skill level 4 in Fighting
  2456 | D:2      | Slain by Natasha

Skill      XL: |  1  2  3  4 |
---------------+-------------+-----
Long Blades    | 2 |  2.4
Dodging        | 1 |  1.6
Armour         | 2 |  2.2
Fighting       | 4 |  4.0
Throwing       | |  0.8
Stealth        | |  0.6
Invocations    | |  2.5

Action                   |  1- 3 |  4- 6 || total
-------------------------+-------+-------++-------
Melee: Falchion          |   114 |    29 ||   143
Throw: Stone             |    17 |    19 ||    36
Invok: Depart the Abyss  |     1 |       ||     1
  Use: Scroll            |     2 |       ||     2
  Eat: Chunk             |     3 |     1 ||     4
       Beef jerky        |     1 |       ||     1
Armor: Leather armour    |    18 |     4 ||    22
Dodge: Dodged            |    74 |    24 ||    98
